cohdb
Replays
Latest Replays
All Replays
Popular Replays
Top Player Replays
Match Explorer
How It Works
Community
CoH3 Stats
Reddit
Sign in to upload your games and track your stats! →
Sign in with Steam
Match 42493371
Unlisted
Match 42493371
Overview
Messages
Build Orders
End
Vickers Machine Gun Team
Construct Section Command Post
Infantry Section
Infantry Section
Selects Indian Artillery Battlegroup
Selects Indian Artillery Battlegroup
Selects Towed ML 4.2-inch Heavy Mortar
Towed ML 4.2-inch Heavy Mortar
Infantry Section
Construct Platoon Command Post
6-pounder Anti-tank Gun Team
Construct Company Command Post
Grenade Package
Selects Valour
Selects Gurkha Rifles Section
Matilda II Heavy Tank
Gurkha Rifles Section
Matilda II Heavy Tank
Selects Off-map Airburst Barrage
Off-map Airburst Barrage
Gurkha Rifles Section
Infantry Training
Royal Engineer Section
Fruchtfliege
max7716
伊蕾娜
Apeiron
iceman
Obi Hung Kenobi
Nequis
DispatchExpert
0
0
Comments
sign in to comment!
No comments posted yet!